 Dungeon Crawl Stone Soup version 0.19-a0-1091-g463c9de (webtiles) character file.

21002 aronpayne the Fighter (level 13, -7/106 HPs)
             Began as a Formicid Fighter on Aug 7, 2016.
             Was the Champion of Qazlal.
             Killed by divine providence
             ... invoked by an orc priest
             ... led by an orc warlord
              (12 damage)
             ... on level 2 of the Orcish Mines.
             The game lasted 01:03:58 (11170 turns).

aronpayne the Fighter (Formicid Fighter)           Turns: 11170, Time: 01:03:59

Health: -7/106     AC: 17    Str: 30    XL:     13   Next: 16%
Magic:  13/13      EV: 14    Int:  8    God:    Qazlal [******]
Gold:   269        SH: 26    Dex: 12    Spells: 0 memorised, 12 levels left

rFire  . . .     SeeInvis +     B - +1 morningstar (venom)
rCold  + . .     Gourm    +     h - +2 plate armour
rNeg   . . .     Faith    .     d - +0 large shield
rPois  +         Spirit   .     (helmet unavailable)
rElec  .         Dismiss  .     (no cloak)
rCorr  .         Reflect  .     (no gloves)
SustAt .         Harm     .     t - +0 pair of boots
MR     ++++.                    N - amulet of Sauded {Gourm -Tele +Fly rPois MR+++}
Stlth  ..........               e - +4 ring of strength
                                s - +5 ring of evasion

@: repel missiles
A: permanent stasis, dig shafts and tunnels, four strong arms, antennae 3,
hooves 1, thin skeletal structure 1, cold resistance 1
a: Dig, Shaft Self, Upheaval, Elemental Force, Disaster Area, Renounce Religion,
Evoke Flight


You were on level 2 of the Orcish Mines.
You worshipped Qazlal.
Qazlal was exalted by your worship.
You were very full.

You visited 2 branches of the dungeon, and saw 12 of its levels.
You also visited: Sewer.

You collected 1002 gold pieces.
You spent 733 gold pieces at shops.

Inventory:

Hand Weapons
 g - a +1 trident of flaming
 p - a +1 war axe of electrocution
 x - a +2 flail of holy wrath
 B - a +1 morningstar of venom (weapon)
 P - a +0 dire flail of venom
Missiles
 L - 6 tomahawks of returning (quivered)
Armour
 d - a +0 large shield (worn)
 h - a +2 plate armour (worn)
 t - a +0 pair of boots (worn)
 w - a troll hide
 O - a cursed -2 chain mail
Magical Staves
 I - an uncursed staff of summoning
Jewellery
 e - a +4 ring of strength (right hand)
 m - a +2 ring of protection
 s - a +5 ring of evasion (left hand)
 M - an uncursed ring of ice
 N - the amulet of Sauded (around neck) {Gourm -Tele +Fly rPois MR+++}
   (You bought it in a shop on level 1 of the Orcish Mines)

   [amulet of the gourmand]

   It allows you to eat raw meat even when not hungry.
   It protects you from poison.
   It affects your resistance to hostile enchantments.
   It lets you fly.
   It prevents most forms of teleportation.
Wands
 c - a wand of flame (11/48)
 n - a wand of paralysis (4/24)
 r - a wand of random effects (24/48)
 u - a wand of flame (17/48)
 A - a wand of lightning (10/15)
 K - a wand of lightning (3/15)
Scrolls
 i - 2 scrolls of magic mapping
 j - 2 scrolls of recharging
 l - a scroll of amnesia
 o - 3 scrolls of fear
 G - a scroll of fog
 J - 2 scrolls of remove curse
Potions
 b - a potion of cancellation
 v - a potion of magic
 z - a potion of brilliance
Books
 y - a book of Conjurations

   Spells                             Type                      Level
   a - Magic Dart                     Conjuration                  1
   b - Searing Ray                    Conjuration                  2
   c - Dazzling Spray                 Conjuration/Hexes            3
   d - Fulminant Prism                Conjuration/Hexes            4
   e - Iskenderun's Mystic Blast      Conjuration                  4
   f - Iskenderun's Battlesphere      Conjuration/Charms           5
 C - a book of Beasts

   Spells                             Type                      Level
   a - Summon Butterflies             Summoning                    1
   b - Call Canine Familiar           Summoning                    3
   c - Summon Ice Beast               Ice/Summoning                4
   d - Summon Mana Viper              Hexes/Summoning              5
   e - Summon Hydra                   Summoning                    7
 H - a book of the Warp

   Spells                             Type                      Level
   a - Recall                         Summoning/Translocation      3
   b - Gell's Gravitas                Hexes/Translocation          3
   c - Force Lance                    Conjuration/Translocation    4
   d - Warp Weapon                    Charms/Translocation         5
   e - Summon Forest                  Summoning/Translocation      5
Comestibles
 a - 12 fruits
 f - 9 bread rations
 k - 2 chunks of flesh
 D - 2 meat rations
 E - a beef jerky
 F - 7 slices of pizza


   Skills:
 * Level 11.4 Fighting
 * Level 8.6(9.9) Axes
 + Level 7.8(9.5) Maces & Flails
 + Level 4.4 Throwing
 + Level 8.8 Armour
 + Level 6.7 Dodging
 + Level 7.6 Stealth
 + Level 9.1 Shields


You had 12 spell levels left.
You didn't know any spells.

Dungeon Overview and Level Annotations

Branches:
Dungeon (10/15)            Temple (0/1) D:6             Orc (2/2) D:10
   Lair: D:8-11         Elf: Orc:2

Altars:
Ashenzari
Elyvilon
Fedhas
Gozag
Hepliaklqana
Kikubaaqudgha
Nemelex Xobeh
Pakellas
Qazlal
Ru
Uskayaw
Yredelemnul
Zin
Beogh

Shops:
D:4 *   D:6 :   Orc:1 (=(   Orc:2 ((


Innate Abilities, Weirdness & Mutations

You are under a permanent stasis effect.
You can dig through walls and to a lower floor.
Your four strong arms can wield two-handed weapons with a shield.
You have a pair of large antennae on your head. (SInv)
You have large cloven feet.
You have a somewhat thin skeletal structure. (Dex +2, Stealth)
Your flesh is cold resistant. (rC+)


Message History

Things that are here:
a short sword; a chain mail; a giant spiked club You hear a shout!
You closely miss the troll.
The troll is severely wounded.
The troll closely misses you. You block the troll's attack. x2
You hit the troll.
The troll looks as sick as possible!
The troll is almost dead.
You hear a shout! x2
The orc priest invokes the aid of Beogh against you.
Beogh smites you!
* * * LOW HITPOINT WARNING * * *
The troll bites you but does no damage. You block the troll's attack.
The troll barely misses you.
You are too injured to fight recklessly!
You kill the troll!
Qazlal accepts your kill.
The orc priest invokes the aid of Beogh against you.
Beogh smites you!
You die...

###)###'## ##....#
#.......# #.....#
..#.##'##.# #.....( {
..#.#...#)# #....#(
...#)..#.# .#......
##.#####.#### ........
#..........# #.......) {
#...§.####.####.......
#..§.@#..#....+......#
###..§§.#..'.####......#
......§o#..#.#####.....
#.#####.####.#..###...♣
+ . #...#......'..# ##..
#.. #...#o#....#..# #..
#....##'##o#....#####
...
#.......{oo#....#...#
#.##'###.###'##.#...#


You could see an orc warrior, 2 orc priests and 2 orc wizards.

Vanquished Creatures
  An orc warlord (Orc:2)
  2 dancing weapons (D:9)
  A hill giant (D:10)
  4 orc knights
  2 orc sorcerers (Orc:2)
  7 trolls
  The ghost of 4thArraOfDagon the Slasher, an amateur MiBe of Trog (D:5)
  3 two-headed ogres (Orc:2)
  31 yaks
  A human (D:8)
  A steam dragon (D:8)
  A hungry ghost (D:9)
  5 hippogriffs
  3 wargs
  27 orc warriors
  3 ice beasts
  4 sky beasts
  A wasp (D:10)
  A black bear (D:7)
  A necrophage (D:8)
  An eye of draining (D:10)
  9 ogres
  2 centaurs
  8 giant frogs
  2 scorpions
  An electric eel (D:10)
  2 howler monkeys
  3 crimson imps
  2 centaur zombies
  5 jellies
  16 orc priests
  A giant frog skeleton (D:9)
  19 orc wizards
  4 hounds
  An iguana (D:7)
  11 worker ants
  3 sheep (D:8)
  2 hound zombies
  A hound skeleton (D:7)
  9 gnolls
  17 adders
  3 shadow imps
  2 adder zombies
  2 oozes
  An adder skeleton (D:4)
  2 worms
  A dart slug (D:1)
  7 giant geckos
  106 orcs
  5 bats
  3 giant cockroaches
  11 goblins
  8 hobgoblins
  11 jackals
  9 kobolds
  2 quokkas (D:7)
  6 ball pythons
  15 giant newts
  A jackal skeleton (D:6)
  A quokka skeleton (D:4)
  5 rats
  A withered plant (D:2)
421 creatures vanquished.

Vanquished Creatures (others)
  An orc warrior (D:9)
1 creature vanquished.

Grand Total: 422 creatures vanquished

Notes
Turn   | Place    | Note
-------+----------+-------------------------------------------
     0 | D:1      | aronpayne the Formicid Fighter began the quest for the Orb.
     0 | D:1      | Reached XP level 1. HP: 18/18 MP: 1/1
   158 | D:1      | Reached XP level 2. HP: 18/24 MP: 2/2
   220 | D:1      | Reached XP level 3. HP: 21/30 MP: 3/3
   588 | D:2      | Reached skill level 4 in Fighting
   712 | D:2      | Found an ancient bone altar of Kikubaaqudgha.
   741 | D:2      | Reached XP level 4. HP: 37/37 MP: 4/4
   745 | D:2      | Found a blossoming altar of Fedhas.
   782 | D:2      | Reached skill level 1 in Dodging
   840 | D:2      | Found a sparkling altar of Nemelex Xobeh.
  1658 | D:3      | Noticed a giant frog
  1675 | D:3      | Killed a giant frog
  1675 | D:3      | Reached XP level 5. HP: 37/43 MP: 5/5
  2061 | D:4      | Reached XP level 6. HP: 50/50 MP: 6/6
  2068 | D:4      | Reached skill level 5 in Fighting
  2068 | D:4      | Reached skill level 5 in Shields
  2225 | D:4      | Reached XP level 7. HP: 42/56 MP: 7/7
  2324 | D:4      | Found a white marble altar of Elyvilon.
  2356 | D:4      | Found Geugid's Elemental Accessories.
  2414 | D:4      | Found a glowing drain.
  2506 | Sewer    | Entered a sewer
  3113 | D:4      | Found a stormy altar of Qazlal.
  3121 | D:4      | Became a worshipper of Qazlal Stormbringer
  3526 | D:5      | Entered Level 5 of the Dungeon
  3701 | D:5      | Noticed 4thArraOfDagon's ghost (amateur MiBe)
  3711 | D:5      | Killed 4thArraOfDagon's ghost
  3711 | D:5      | Reached skill level 6 in Fighting
  3711 | D:5      | Reached skill level 5 in Armour
  3711 | D:5      | Reached XP level 8. HP: 51/65 MP: 8/8
  3848 | D:5      | Gained mutation: Your flesh is cold resistant. (rC+) [potion of mutation]
  3848 | D:5      | Gained mutation: You have a somewhat thin skeletal structure. (Dex +2, Stealth) [potion of mutation]
  3848 | D:5      | Gained mutation: You have large cloven feet. [potion of mutation]
  4484 | D:6      | Reached skill level 7 in Fighting
  4559 | D:6      | Reached * piety under Qazlal
  4611 | D:6      | Found a staircase to the Ecumenical Temple.
  4618 | D:6      | Found Emmaiteq's Book Shoppe.
  4800 | D:6      | Reached XP level 9. HP: 72/72 MP: 9/9
  5092 | D:6      | Reached skill level 1 in Axes
  5092 | D:6      | Reached skill level 1 in Stealth
  5719 | D:7      | Found a basalt altar of Yredelemnul.
  5728 | D:7      | Found an oddly glowing altar of Pakellas.
  5728 | D:7      | Found a shattered altar of Ashenzari.
  5739 | D:7      | Found an opulent altar of Gozag.
  5749 | D:7      | Found a hazy altar of Hepliaklqana.
  5967 | D:7      | Reached skill level 5 in Maces & Flails
  6272 | D:8      | Reached skill level 8 in Fighting
  6603 | D:8      | Reached XP level 10. HP: 82/82 MP: 10/10
  6772 | D:9      | Reached ** piety under Qazlal
  6853 | D:9      | Reached skill level 9 in Fighting
  7071 | D:9      | Reached skill level 5 in Axes
  7296 | D:9      | Reached *** piety under Qazlal
  7339 | D:9      | Reached skill level 5 in Dodging
  7450 | D:9      | Found a glowing silver altar of Zin.
  7584 | D:9      | Found a sacrificial altar of Ru.
  7622 | D:9      | Reached XP level 11. HP: 89/89 MP: 11/11
  7623 | D:9      | Found a hide-covered altar of Uskayaw.
  7626 | D:9      | Noticed a dagger
  7627 | D:9      | Noticed a hand axe
  7652 | D:9      | Killed a dagger
  7652 | D:9      | Reached skill level 1 in Throwing
  7652 | D:9      | Reached skill level 5 in Stealth
  7719 | D:9      | Killed a hand axe
  7952 | D:9      | Reached skill level 10 in Fighting
  8280 | D:10     | Entered Level 10 of the Dungeon
  8729 | D:10     | Noticed a hill giant
  8733 | D:10     | Killed a hill giant
  8877 | D:10     | Reached **** piety under Qazlal
  8992 | D:10     | Found a staircase to the Orcish Mines.
  9307 | D:10     | Reached XP level 12. HP: 83/98 MP: 12/12
  9319 | D:10     | Reached ***** piety under Qazlal
  9724 | Orc:1    | Entered Level 1 of the Orcish Mines
  9930 | Orc:1    | Found Xoyleg's Antique Weapon Boutique.
  9961 | Orc:1    | Found Tak Zuu's Jewellery Emporium.
 10020 | Orc:1    | Found Tyhoddac's Antique Weapon Shop.
 10040 | Orc:1    | Bought the amulet of Sauded {Gourm -Tele +Fly rPois MR+++} for 733 gold pieces
 10369 | Orc:2    | Entered Level 2 of the Orcish Mines
 10465 | Orc:2    | Reached skill level 11 in Fighting
 10502 | Orc:2    | Found a roughly hewn altar of Beogh.
 10509 | Orc:2    | Found Xisifire's Antique Weapon Boutique.
 10528 | Orc:2    | Found Eroor's Weapon Shop.
 11014 | Orc:2    | Reached XP level 13. HP: 106/106 MP: 13/13
 11046 | Orc:2    | Reached ****** piety under Qazlal
 11122 | Orc:2    | Noticed an orc warlord
 11150 | Orc:2    | Killed an orc warlord
 11165 | Orc:2    | HP: 4/106 [orc priest/divine providence[an orc warlord] (13)]
 11170 | Orc:2    | Killed from afar by an orc priest

Vault maps used:
D:1:      kennysheep_arrival_forest
D:2:      grunt_temple_overflow_growth_and_decay,
          nemelex_xobeh_ov_fountains_minmay, first_bread, dk_noncrumbling_4
D:4:      kennysheep_little_box, grunt_qazlal_sundering, gup_sewer_entry_glass,
          nicolae_elemental_shop
D:5:      serial_curves, eino_curves_02, eino_curves_01
D:6:      serial_shops, shop, kennysheep_generic_room_12
D:7:      minmay_overflow_temple_star_hex
D:8:      grunt_livestock
D:9:      dancing_weapons_uskayaw, lemuel_doored_altar, zin_statuary
D:10:     argonaut_augean_stables, david_orc_4, kennysheep_small_circle
Orc:1:    serial_shops, nicolae_shop_stone, nicolae_shop_behind_doors, shop
Orc:2:    pubby_orc_utopia, serial_shops
Sewer:    sewer_co_cracked_pipes

Skill      XL: |  1  2  3  4  5  6  7  8  9 10 11 12 |
---------------+-------------------------------------+-----
Shields        | 4 5 6 7 8 9 |  9.1
Fighting       | 4 5 6 7 8 9 10 11 | 11.4
Dodging        | 1 2 3 4 5 6 |  6.7
Armour         | 4 5 6 7 8 |  8.8
Maces & Flails | 3 4 5 6 7 |  7.8
Axes           | 3 5 6 8 |  8.6
Stealth        | 3 4 6 7 |  7.6
Throwing       | 2 4 |  4.4

Action                   |  1- 3 |  4- 6 |  7- 9 | 10-12 | 13-15 || total
-------------------------+-------+-------+-------+-------+-------++-------
Melee: Flail             |   158 |   239 |   201 |       |       ||   598
       War axe           |       |       |   180 |   290 |       ||   470
       Kick              |       |       |    31 |       |       ||    31
       Morningstar       |       |       |       |   376 |    62 ||   438
Throw: Tomahawk          |       |       |       |   105 |       ||   105
 Abil: Dig               |     1 |     1 |     5 |     1 |       ||     8
  Use: Scroll            |       |    10 |     6 |     9 |       ||    25
       Potion            |       |     6 |     8 |     3 |     1 ||    18
  Eat: Chunk             |       |     5 |    12 |    34 |       ||    51
       Pizza             |       |       |     1 |       |       ||     1
       Royal jelly       |       |       |     1 |     1 |       ||     2
       Beef jerky        |       |       |       |     1 |       ||     1
Armor: Plate armour      |    99 |   133 |   168 |   138 |     5 ||   543
       Scale mail        |     3 |       |       |       |       ||     3
Dodge: Dodged            |    27 |    37 |    90 |   118 |    12 ||   284
       Deflected         |       |       |       |     1 |       ||     1
Block: Shield            |    80 |   132 |   145 |       |       ||   357
       Large shield      |       |       |   156 |   645 |    68 ||   869
